AoeStats
← BudSpencer

MegaRandom

506828033Analyzed
4v4 RM · 16d ago on Sep 15, 2026· 41m 5s· 8 players
Game mode
Random Map
Map size
Large (8 player)
Population
200
Speed
Normal
Resources
Standard
Victory
Conquest
Starting age
Dark Age
Ending age
Imperial Age
RankedLock teamsTeams togetherTeam positionsShared explorationLock speedFull tech treeHidden civsTurbo modeCheats
Victory
Defeat
🇪🇸 Italians · Spain
1330
+12
1315
+12
🇨🇳 Maya · China
1267
+14
🇦🇷 Koreans · Argentina
1194
+17
🇵🇹 Sicilians · Portugal
1311
-16
🇮🇹 Turks · Italy
1226
-14
🇦🇹 Georgians · Austria
1209
-13
🇩🇪 Bulgarians · Germany
1187
-12
Massarock
7:17 Loom
11:53 Feudal Age
12:22 Fishing Lines
12:30 Double-Bit Axe
13:21 Horse Collar
18:10 Fletching
20:40 Castle Age
18:38 Gold Mining
22:50 Medium Warships
25:38 Bow Saw
26:07 Wheelbarrow
25:18 Town Watch
32:30 Imperial Age
31:30 Bodkin Arrow
31:36 Padded Archer Armor
32:48 Onager
35:22 Bracer
39:05 Hand Cart
Mateescu12
9:56 Loom
12:37 Feudal Age
16:45 Castle Age
15:16 Double-Bit Axe
15:14 Horse Collar
17:56 Fletching
19:07 Medium Warships
24:28 Bow Saw
24:18 Bodkin Arrow
29:28 Heavy Plow
29:41 Town Watch
31:44 Ballistics
31:35 Scale Barding Armor
34:51 Imperial Age
32:56 Wheelbarrow
32:42 Husbandry
33:25 Bloodlines
34:42 Hand Cart
35:10 Cavalier
36:18 Chain Barding Armor
38:31 Chemistry
40:09 Block Printing
BudSpencer
9:59 Loom
12:16 Feudal Age
16:25 Castle Age
14:55 Double-Bit Axe
17:27 Wheelbarrow
16:37 Horse Collar
20:30 Fletching
24:58 Scale Barding Armor
26:05 Medium Warships
27:14 Heavy Plow
29:12 Gold Mining
33:02 Imperial Age
32:24 Chain Barding Armor
32:14 Forging
32:00 Bodkin Arrow
33:50 Iron Casting
33:37 Ballistics
34:22 Plate Barding Armor
34:06 Hand Cart
33:36 Town Watch
34:29 Scale Mail Armor
35:56 Blast Furnace
34:57 Bracer
35:54 Conscription
35:34 Stirrups
35:45 Gambesons
36:00 Squires
35:46 Arson
36:32 Chain Mail Armor
37:19 Chemistry
36:17 Gambesons
36:32 Squires
36:17 Arson
38:33 Plate Mail Armor
39:47 Conscription
39:26 Stirrups
39:34 Elite Skirmisher
40:43 Bloodlines
40:33 Husbandry
41:43 Bow Saw
lillithadam20
14:07 Feudal Age
15:14 Double-Bit Axe
17:47 Castle Age
16:57 Horse Collar
18:48 Bow Saw
18:44 Heavy Plow
20:31 Wheelbarrow
28:41 Imperial Age
26:36 Stone Mining
27:59 Gold Mining
28:36 Padded Archer Armor
30:56 Hand Cart
30:27 Loom
31:32 Leather Archer Armor
32:16 Guilds
33:02 Gold Shaft Mining
33:08 Ring Archer Armor
34:09 Conscription
34:51 Fletching
34:34 Elite Janissary
MASACRE
10:14 Loom
14:59 Feudal Age
14:37 Loom
19:08 Castle Age
17:31 Fletching
17:29 Double-Bit Axe
17:37 Gold Mining
19:53 Bodkin Arrow
20:59 Medium Warships
21:52 Ballistics
22:14 Careening
23:36 Bow Saw
25:36 Padded Archer Armor
28:50 Imperial Age
30:56 Chemistry
30:17 Dry Dock
30:07 Clinker Construction
35:08 Conscription
34:50 Bracer
35:06 Leather Archer Armor
39:29 Town Watch
40:19 Wheelbarrow
rloy
7:42 Loom
11:11 Feudal Age
15:17 Castle Age
13:24 Double-Bit Axe
21:36 Fletching
22:49 Bodkin Arrow
25:49 Wheelbarrow
28:50 Imperial Age
26:31 Stone Mining
27:02 Town Watch
28:37 Bow Saw
28:55 Gold Mining
30:05 Bracer
33:19 Conscription
39:44 Hand Cart
卑牧之
0:33 Loom
11:54 Feudal Age
14:18 Double-Bit Axe
14:40 Horse Collar
17:13 Castle Age
15:41 Gold Mining
17:10 Fletching
17:18 Crossbowman
18:49 Bow Saw
18:40 Heavy Plow
19:33 Bodkin Arrow
25:09 Wheelbarrow
26:38 Stone Mining
30:50 Imperial Age
28:38 Thumb Ring
29:08 Ballistics
28:29 Treadmill Crane
29:09 Padded Archer Armor
31:36 Leather Archer Armor
31:40 Hand Cart
31:09 Arbalester
31:54 Bracer
32:56 Chemistry
34:15 Stone Shaft Mining
33:51 Pikeman
34:31 Squires
34:17 Arson
34:35 Scale Mail Armor
35:08 Ring Archer Armor
34:39 Scale Mail Armor
34:50 Forging
35:39 Town Watch
38:36 Two-Man Saw
41:54 Conscription
2ʙ♥ˡᵒᵛᵉᵧₒᵤ
0:39 Loom
10:53 Feudal Age
11:43 Double-Bit Axe
11:39 Horse Collar
17:17 Castle Age
19:32 Wheelbarrow
18:52 Fishing Lines
19:27 Heavy Plow
25:40 Hand Cart
26:06 Gold Mining
26:09 Stone Mining
30:26 Imperial Age
30:28 Ballistas
30:40 Heavy Scorpion
30:58 Pikeman
31:39 Squires
32:01 Conscription
32:45 Bow Saw
33:56 Halberdier
35:33 Gold Shaft Mining
35:12 Siege Engineers
35:28 Ballistics
36:35 Scale Mail Armor
36:45 Forging
38:27 Chemistry
38:20 Crop Rotation
38:48 Chain Mail Armor
39:08 Iron Casting
Connection lost

Rejoining the realm…

Still unreachable

The connection could not be restored.

Session expired

The server has moved on; the page needs a fresh start.